[Event "Early-Titled-Tuesday-Blitz-March-12-2024"]
[Site "Chess.com"]
[Date "2024.03.12"]
[Round "11"]
[White "Baronessa08"]
[Black "HATilay"]
[Result "1-0"]
[WhiteElo "2577"]
[BlackElo "2669"]
[TimeControl "180+1"]
[EndTime "10:03:43 PDT"]
[Termination "Baronessa08 won by checkmate"]

1. c4 Nf6 2. Nc3 e5 3. g3 d5 4.
cxd5 Nxd5 5. Bg2 Nxc3 6. bxc3 Bc5 7. Nf3 Nc6 8. Qc2 Rb8 9. d3 O-O 10. h4 b6 11. h5 h6 12. Rh4 Bf5 13. Nd2 Na5 14.
Ne4 Be7 15. Rh1 Bh7 16. g4 c5 17. g5 hxg5 18. h6 f5 19. hxg7 Kxg7 20. Ng3 Bg6 21. Bd2 Rh8 22. O-O-O Rh4 23. Rdg1 c4 24. Rxh4 Ba3+ 25.
Kd1 cxd3 26. exd3 gxh4 27. Nxf5+ Kh7 28. Be4 Qf6 29. Bg5 Qe6 30. Qe2 Rg8 31. Rh1 Bxf5 32.
Qh5+ Kg7 33. Bh6+ Kh8 34. Bxf5 Qxa2 35. Bf8# 1-0

[Event "Early-Titled-Tuesday-Blitz-March-12-2024"]
[Site "Chess.com"]
[Date "2024.03.12"]
[Round "11"]
[White "AnishOnYoutube"]
[Black "yosephtaher"]
[Result "0-1"]
[WhiteElo "3037"]
[BlackElo "2978"]
[TimeControl "180+1"]
[EndTime "10:03:44 PDT"]
[Termination "yosephtaher won on time"]

1. d4 Nf6 2. c4 c5 3. d5 b5 4. cxb5 a6 5. e3 g6 6. Nc3 axb5 7. Bxb5 Bg7 8. Nf3 O-O 9. O-O d6 10. a4 Qb6 11. e4 Na6 12. Bg5 Nc7 13. h3 Ba6 14. Qe2 Rfb8 15. Nd2 h6 16. Nc4 Qa7 17. Bd2 Bxb5 18. axb5 Qxa1 19. Rxa1 Rxa1+ 20. Kh2 Nxb5 21. Nxb5 Rxb5 22. Nxd6 Rxb2 23. Nc4 Rc2 24. Qd3 Raa2 25. e5 Nd7 26. f4 Nb6 27. Nxb6 Rxd2 28. Qf3 g5 29. d6 exd6 30. exd6 Rxd6 31. Nc4 Rd4 32. Qb3 Ra8 33. fxg5 hxg5 34. Qb5 Bf8 35. Qc6 Ra2 36.
Ne3 Bd6+ 37. Kg1 Kh7 38. Qe8 Rf4 39. g3 Rf6 40. Qe4+ Kg8 41. Qe8+ Bf8 42. Ng4 Re6 0-1

[Event "Early-Titled-Tuesday-Blitz-March-12-2024"]
[Site "Chess.com"]
[Date "2024.03.12"]
[Round "11"]
[White "Barmen_EV"]
[Black "Flawless_Fighter"]
[Result "1/2-1/2"]
[WhiteElo "2553"]
[BlackElo "2843"]
[TimeControl "180+1"]
[EndTime "10:03:45 PDT"]
[Termination "Game drawn by repetition"]

1. e4 e5 2. Nf3 Nc6 3. d4 exd4 4. Bc4 Nf6 5. O-O Nxe4 6. Nc3 Nxc3 7. bxc3 d5 8. Bb5 Be7 9. cxd4 O-O 10. Bxc6 bxc6 11.
h3 Bf5 12. c3 c5 13. Re1 Be4 14. Ne5 Bf6 15. Bf4 Re8 16. Qg4 cxd4 17. cxd4 c5 18.
f3 cxd4 19. Nd7 h5 20. Nxf6+ Qxf6 21. Qg3 Bg6 22. Be5 Qb6 23. Rad1 d3+ 24. Kh2 Re6 25. f4 Rae8 26. f5 h4 27. Qf4 Rxe5 28. Rxe5 Rxe5 29. Qxe5 Bh5 30. Rxd3 Qf2 31. Rb3 d4 32.
Rb8+ Kh7 33. Qe8 Qf4+ 34. Kg1 Qc1+ 35. Kh2 Qc7+ 36. Kg1 Qc1+ 37. Kf2 Qf4+ 38. Kg1 Qc1+ 1/2-1/2

[Event "Early-Titled-Tuesday-Blitz-March-12-2024"]
[Site "Chess.com"]
[Date "2024.03.12"]
[Round "11"]
[White "Alexchess1984"]
[Black "Zq1"]
[Result "0-1"]
[WhiteElo "2728"]
[BlackElo "2606"]
[TimeControl "180+1"]
[EndTime "10:03:45 PDT"]
[Termination "Zq1 won on time"]

1. e4 c5 2. c3 d5 3. exd5 Nf6 4. d4 cxd4 5. cxd4 Nxd5 6. Nc3 g6 7.
Nf3 Bg7 8. Bc4 Nxc3 9. bxc3 O-O 10. O-O Nc6 11. Bg5 Qc7 12. Qe2 Bg4 13. h3 Bxf3 14.
Qxf3 Nxd4 15. cxd4 Qxc4 16. Bxe7 Rfe8 17. Qxb7 Bxd4 18.
Rac1 Qxa2 19. Rc7 Qe6 20. Bh4 Bb6 21. Rd7 Rab8 22. Qd5 Qxd5 23. Rxd5 Kg7 24. Ra1 Re4 25. Bg3 Rbe8 26. Kh2 h5 27. h4 Re2 28. Rd7 Bxf2 29. Raxa7 Bxa7 30. Rxa7 R8e4 31. Kg1 Rg4 32. Bf2 Rxf2 33.
Kxf2 Rxh4 34. Kf3 Rg4 35. Rb7 Rg5 36. Rb6 h4 37. Rb4 Rg3+ 38. Kf2 g5 39. Rb6 f6 40. Rb5 Kg6 41. Ra5 f5 42. Ra6+ Kh5 43. Ra8 f4 44. Ra5 Kg4 45. Rb5 h3 46. gxh3+ Kxh3 47. Rb8 Kg4 48. Rb5 Ra3 49. Rb2 Kh3 50. Rb8 Ra2+ 51. Kf3 g4+ 52. Kxf4 Rf2+ 53. Ke3 g3 54. Rh8+ Kg2 55.
Rg8 Rf7 56. Rg6 Re7+ 57. Kf4 Kf2 58. Kg4 g2 59. Rf6+ Kg1 60. Kg3 Re3+ 0-1

[Event "Early-Titled-Tuesday-Blitz-March-12-2024"]
[Site "Chess.com"]
[Date "2024.03.12"]
[Round "11"]
[White "Mysterio47"]
[Black "LeRoidesChampions"]
[Result "1/2-1/2"]
[WhiteElo "2748"]
[BlackElo "2649"]
[TimeControl "180+1"]
[EndTime "10:03:47 PDT"]
[Termination "Game drawn by stalemate"]

1. d4 Nf6 2. Nc3 g6 3. e4 d6 4. Be3 Bg7 5. Nf3 c6 6. a4 O-O 7. Be2 Bg4 8. O-O Nbd7 9. Nd2 Bxe2 10. Qxe2 e5 11. dxe5 Nxe5 12. Rad1 Qc7 13. Nc4 Nxc4 14. Qxc4 Ng4 15. Bf4 Be5 16. Bg3 Bxg3 17. hxg3 Rad8 18. Rd2 a5 19. Rfd1 Rfe8 20. Qe2 Nf6 21. Qf3 Qe7 22. Rd4 Qe5 23. Qf4 Kg7 24. Qxe5 Rxe5 25. f4 Re6 26. e5 Nh5 27. Ne2 f6 28. Rxd6 Rdxd6 29. exd6 Rxe2 30. d7 Nxg3 31. d8=Q Nf5 32. Qd3 Re3 33.
Qd2 Re4 34. Re1 Rxa4 35. Qd7+ Kh6 36. Qxb7 Rxf4 37. Qxc6 a4 38. Re4 Nd4 39. Rxd4 Rxd4 40. Qxf6 Rd5 41. Qf4+ Kg7 42. Qxa4 Rf5 43. Qd7+ Rf7 44. Qd4+ Kg8 45. b4 h5 46. b5 h4 47.
b6 h3 48. gxh3 g5 49. Qd8+ Kg7 50. Qc7 g4 51. hxg4 Kg8 52. Qxf7+ Kh8 53. b7 1/2-1/2

[Event "Early-Titled-Tuesday-Blitz-March-12-2024"]
[Site "Chess.com"]
[Date "2024.03.12"]
[Round "11"]
[White "Flaccidmoves"]
[Black "killer_dreams"]
[Result "0-1"]
[WhiteElo "2426"]
[BlackElo "2505"]
[TimeControl "180+1"]
[EndTime "10:03:51 PDT"]
[Termination "killer_dreams won on time"]

1. d4 Nf6 2. Bg5 Ne4 3. h4 c5 4.
d5 Qb6 5. Nd2 Nxd2 6. Qxd2 Qxb2 7. Rd1 g6 8. e4 Bg7 9. Ne2 d6 10. h5 Nd7 11. h6 Bf6 12. Bxf6 Nxf6 13. Nc3 O-O 14. Rb1 Qa3 15. f3 Qa5 16. g4 Qc7 17. g5 Nd7 18. Nb5 Qd8 19. Qc3 f6 20. Bh3 a6 21. Be6+ Kh8 22. Na3 b5 23. Qb2 Ne5 24.
f4 Nf3+ 25. Kf2 Bxe6 26. Kxf3 Bd7 27. c4 Kg8 28. Nc2 Rf7 29. gxf6 exf6 30. Ne3 Qe7 31. Rhe1 Re8 32. Ng4 Bxg4+ 33. Kxg4 Qd7+ 34. f5 Rxe4+ 35. Kg3 Qxf5 36. Rxe4 Qxe4 37. Rf1 Qe5+ 38. Qxe5 fxe5 39. Rb1 b4 40. a3 a5 41. axb4 cxb4 42. Ra1 Ra7 43.
Rf1 a4 44. Rf6 a3 45. Rxd6 a2 46. Rb6 a1=Q 0-1

[Event "Early-Titled-Tuesday-Blitz-March-12-2024"]
[Site "Chess.com"]
[Date "2024.03.12"]
[Round "11"]
[White "willcab71"]
[Black "Kotlyar_K"]
[Result "0-1"]
[WhiteElo "2152"]
[BlackElo "2554"]
[TimeControl "180+1"]
[EndTime "10:03:53 PDT"]
[Termination "Kotlyar_K won by resignation"]

1. Nf3 Nf6 2. c4 e6 3. Nc3 d5 4.
e3 c6 5. b3 Nbd7 6. Bb2 Bd6 7. d4 O-O 8. Bd3 dxc4 9. Bxc4 e5 10. dxe5 Nxe5 11. Nxe5 Bxe5 12. O-O Bf5 13. Qxd8 Rfxd8 14. Rfd1 Bc2 15. Rxd8+ Rxd8 16. Rc1 Rd2 17. f4 Bc7 18. Re1 Ne4 19. Nxe4 Bxe4 20. Re2 Rd1+ 21.
Kf2 b5 22. Bd4 bxc4 23. bxc4 Bb6 24. c5 Ba5 25. Rb2 Rd2+ 26. Rxd2 Bxd2 27. g4 f6 28. Ke2 Ba5 29. h4 Kf7 30. g5 f5 31.
Be5 g6 32. Bb8 a6 33. Be5 Ke6 34. Bd6 Kd5 35. Kd1 Bb4 36. h5 Bxc5 37. hxg6 hxg6 38. Bxc5 Kxc5 39. Kd2 Kc4 40. a4 c5 41. a5 Kb3 42.
Kc1 c4 43. Kd2 Kb2 44. Kd1 c3 0-1

[Event "Early-Titled-Tuesday-Blitz-March-12-2024"]
[Site "Chess.com"]
[Date "2024.03.12"]
[Round "11"]
[White "platy3"]
[Black "vi_pranav"]
[Result "0-1"]
[WhiteElo "2954"]
[BlackElo "3046"]
[TimeControl "180+1"]
[EndTime "10:03:54 PDT"]
[Termination "vi_pranav won by resignation"]

1. e4 e5 2. Nf3 Nc6 3. Bc4 Nf6 4. d3 h6 5. O-O d6 6. a4 g6 7. c3 Bg7 8. Re1 O-O 9. Nbd2 Be6 10. b4 Re8 11.
Qb3 a6 12. h3 Bf8 13. Nf1 d5 14. exd5 Bxd5 15. Ne3 Bxc4 16. Qxc4 Qd7 17. Bb2 Rad8 18.
Rad1 Bg7 19. b5 axb5 20. axb5 Na5 21. Qb4 b6 22. c4 Nh5 23. Nd5 f6 24. Re4 Nb7 25.
g4 f5 26. Nxe5 Qd6 27. Qxd6 cxd6 28. Re2 Nf6 29. Nxg6 Nxd5 30. Rxe8+ Rxe8 31. Bxg7 Kxg7 32. gxf5 Nf6 33. Ra1 Na5 34. Nf4 Re5 35. Ne6+ Kf7 36. Nd4 Nh5 37. Rxa5 bxa5 38. b6 a4 39. Ne6 Re1+ 40.
Kg2 Rb1 0-1

[Event "Early-Titled-Tuesday-Blitz-March-12-2024"]
[Site "Chess.com"]
[Date "2024.03.12"]
[Round "11"]
[White "BilodeauA"]
[Black "DonkyDonkyDonkey"]
[Result "1-0"]
[WhiteElo "3006"]
[BlackElo "2891"]
[TimeControl "180+1"]
[EndTime "10:03:54 PDT"]
[Termination "BilodeauA won on time"]

1. e4 c5 2. Nf3 d6 3. d4 cxd4 4. Nxd4 Nf6 5. Nc3 a6 6. Be2 e6 7. O-O Qc7 8. f4 Be7 9. Bf3 Nbd7 10. a4 Rb8 11. g4 b6 12. g5 Ng8 13. f5 Ne5 14.
Bg2 g6 15. fxe6 fxe6 16. Bf4 h6 17. Qd2 hxg5 18. Bg3 Nf6 19. Kh1 Nh5 20. Qf2 Ng4 21.
Qf7+ Kd8 22. Kg1 Nxg3 23. hxg3 Qc5 24. Rad1 Ne3 25. b4 Qxc3 26. Rd3 Qc4 27. Qg7 Re8 28.
Rxe3 Bd7 29. Rd1 Rc8 30. b5 Qxa4 31. Red3 Qb4 32. bxa6 Kc7 33. Rc3+ Kb8 34. a7+ Kb7 35. Rxc8 Bxc8 36. e5+ d5 37. Qxg6 Rd8 38. Nxe6 Bxe6 39. Qxe6 Bc5+ 40. Kh2 Rh8+ 41. Bh3 Qc3 42. Qxd5+ Ka6 43.
a8=Q+ 1-0

[Event "Early-Titled-Tuesday-Blitz-March-12-2024"]
[Site "Chess.com"]
[Date "2024.03.12"]
[Round "11"]
[White "KetiTsatsalashvili"]
[Black "karinachess1"]
[Result "0-1"]
[WhiteElo "2444"]
[BlackElo "2614"]
[TimeControl "180+1"]
[EndTime "10:03:57 PDT"]
[Termination "karinachess1 won on time"]

1. d4 Nf6 2. Nf3 e6 3. c4 d5 4. Nc3 Bb4 5. cxd5 exd5 6. Bg5 h6 7. Bh4 g5 8. Bg3 Ne4 9. Rc1 h5 10. a3 Bxc3+ 11. bxc3 h4 12. Be5 f6 13. Qa4+ Nc6 14. e3 fxe5 15. Nxe5 Qf6 16. f3 Nd6 17. Bd3 O-O 18. Nxc6 Bd7 19. Qa5 Bxc6 20. Qxc7 Rf7 21. Qa5 Re8 22. Kd2 Rfe7 23. Rce1 b6 24. Qb4 Nf5 25. e4 dxe4 26. fxe4 Bxe4 27. Bc4+ Kg7 28. Rhf1 Qg6 29. g4 Nd6 30. Bb3 Bd3 31. Rxe7+ Rxe7 32.
Rf2 Ne4+ 33. Kc1 Nxf2 34. Qxe7+ Kh6 35. Qf8+ Qg7 36. Qxf2 Qe7 37. Kd2 Bg6 38. a4 Qa3 39. Bd5 Qb2+ 40. Ke1 Qxc3+ 41. Qd2 Qh3 42. Qf2 Qc3+ 43.
Qd2 Qa1+ 44. Kf2 Qxa4 45. Kg2 Qd7 0-1

[Event "Early-Titled-Tuesday-Blitz-March-12-2024"]
[Site "Chess.com"]
[Date "2024.03.12"]
[Round "11"]
[White "Louis-Paulsen-Fan"]
[Black "JaackCamel"]
[Result "0-1"]
[WhiteElo "2255"]
[BlackElo "2209"]
[TimeControl "180+1"]
[EndTime "10:03:57 PDT"]
[Termination "JaackCamel won on time"]

1. d4 d5 2. Nf3 e6 3. c4 c6 4. Nc3 dxc4 5. e3 b5 6. a4 Bb4 7. Bd2 a5 8. axb5 Bxc3 9. Bxc3 cxb5 10. b3 Bb7 11. bxc4 b4 12. Bb2 Nf6 13. Bd3 O-O 14. O-O Nbd7 15. Nd2 Qc7 16. Bc2 Rfe8 17.
f4 Red8 18. c5 Bc6 19. Ba4 Ne4 20. Nxe4 Bxe4 21. Qe2 Nf6 22. Bc2 a4 23. Rxa4 Rxa4 24. Bxa4 Qb7 25. Bc2 Rb8 26. Rc1 Qc6 27. Bxe4 Nxe4 28.
Qd3 f5 29. h3 h6 30. Qc4 Kh7 31.
Rd1 Qa4 32. Ra1 Qd7 33. c6 Qf7 34. c7 Rc8 35. Ra7 Qg6 36. d5 Qg3 37. Bd4 Qf2+ 38.
Kh2 Qg3+ 39. Kg1 Qe1+ 40. Qf1 Qg3 41. dxe6 b3 42. e7 b2 43. Bxb2 Qxe3+ 44. Kh2 Qxa7 45. Qc4 Rxc7 46. Qxc7 Qxc7 47. e8=Q Qxf4+ 48. Kg1 Qf2+ 49. Kh1 Qxb2 50. Qe6 Qf6 0-1

[Event "Early-Titled-Tuesday-Blitz-March-12-2024"]
[Site "Chess.com"]
[Date "2024.03.12"]
[Round "11"]
[White "Goryachkina"]
[Black "Mops_2004"]
[Result "0-1"]
[WhiteElo "2680"]
[BlackElo "2849"]
[TimeControl "180+1"]
[EndTime "10:03:58 PDT"]
[Termination "Mops_2004 won by resignation"]

1. e4 g6 2. d4 Bg7 3. Nc3 d6 4. Nf3 a6 5. a4 Nc6 6. d5 Nb4 7. Be3 Nf6 8. Be2 a5 9. O-O O-O 10. Nd4 c6 11. dxc6 bxc6 12. f3 e5 13. Nb3 Re8 14. Na2 Nxa2 15. Rxa2 d5 16. Bd3 d4 17. Bf2 Be6 18. Ra1 Nd7 19. Nd2 Bh6 20. Bc4 Bxd2 21. Bxe6 Rxe6 22. Qxd2 c5 23. b3 Qc7 24. Rfd1 Rc6 25.
c3 Rb8 26. Rab1 Nf8 27. f4 f6 28. fxe5 fxe5 29. cxd4 cxd4 30. Rf1 Rc2 31. Qh6 Qg7 32. Qh4 Ne6 33. Bg3 g5 34. Qg4 Nf4 35. Bxf4 gxf4 36. Qh3 Rbc8 37. Kh1 R8c3 38. Qe6+ Kf8 39. Qf5+ Ke7 40.
Rg1 Rd2 41. Qh3 Rxh3 0-1

[Event "Early-Titled-Tuesday-Blitz-March-12-2024"]
[Site "Chess.com"]
[Date "2024.03.12"]
[Round "11"]
[White "atbenina64"]
[Black "Let_it_be_1"]
[Result "0-1"]
[WhiteElo "2730"]
[BlackElo "2637"]
[TimeControl "180+1"]
[EndTime "10:04:03 PDT"]
[Termination "Let_it_be_1 won on time"]

1. Nf3 d5 2. g3 e6 3. Bg2 Nf6 4. O-O Be7 5. c4 O-O 6. b3 c5 7. cxd5 Nxd5 8. Bb2 Nc6 9. d4 cxd4 10.
Nxd4 Bd7 11. e4 Ndb4 12. a3 Nxd4 13. Qxd4 e5 14. Qd2 Nc6 15. Nc3 Nd4 16. Rad1 Be6 17. Nd5 Nxb3 18. Qe3 Nd4 19. Nxe7+ Qxe7 20. f4 Bc4 21.
Rf2 Nc6 22. fxe5 Rad8 23. Rc1 Rd3 24. Qf4 Be6 25. Bf1 Rd7 26. Qe3 Rfd8 27. Bb5 h6 28.
Kg2 Rd1 29. Rxd1 Rxd1 30. Rd2 Rxd2+ 31. Qxd2 Qd7 32. Qxd7 Bxd7 33. Bc4 Kf8 34. Kf3 Ke7 35. e6 Bxe6 36. Bxe6 Kxe6 37. Bxg7 h5 38. Kf4 f6 39. Bf8 Ne5 40. Bg7 b5 41. h3 a5 42. Ke3 Nc4+ 43. Kd4 Nxa3 44. Kc3 Nc4 45. Bf8 Nd6 46. Kd4 b4 47. g4 hxg4 48. hxg4 a4 49. Kc5 b3 50. Bxd6 b2 0-1

[Event "Early-Titled-Tuesday-Blitz-March-12-2024"]
[Site "Chess.com"]
[Date "2024.03.12"]
[Round "11"]
[White "Iskusnyh"]
[Black "mikheeva86"]
[Result "1-0"]
[WhiteElo "2664"]
[BlackElo "2391"]
[TimeControl "180+1"]
[EndTime "10:04:03 PDT"]
[Termination "Iskusnyh won on time"]

1. d4 d5 2. c4 e6 3. Nf3 Nf6 4.
g3 dxc4 5. Bg2 Nc6 6. O-O Rb8 7. e3 b5 8. Qe2 Bb7 9. b3 cxb3 10. axb3 a6 11. Bb2 Be7 12. Rc1 O-O 13. Nc3 Nb4 14. Na2 Nxa2 15. Rxa2 Nd5 16. Ne5 Nb4 17. Raa1 Bxg2 18.
Kxg2 Rb6 19. Bc3 Qa8+ 20. Kg1 Rc8 21. Qd2 Nd5 22. Ba5 Rd6 23. Qc2 Bf8 24. Qe2 Rdd8 25.
Qh5 g6 26. Qf3 f5 27. Qe2 c5 28. Bxd8 Rxd8 29. dxc5 Bg7 30. Nf3 Bxa1 31. Rxa1 Qc6 32. Nd4 Qc8 33. Rc1 e5 34. Nf3 Qc7 35. c6 Nb4 36.
Ne1 Rd6 37. Qb2 Rxc6 38. Rd1 Qc8 39. Qd2 Qc7 40. Qxb4 Rc1 41. Qd2 Rxd1 42. Qxd1 Qc3 43. Nf3 a5 44. Qd5+ Kg7 45. Qxb5 Qa1+ 46. Kg2 1-0

[Event "Early-Titled-Tuesday-Blitz-March-12-2024"]
[Site "Chess.com"]
[Date "2024.03.12"]
[Round "11"]
[White "cthulhuuu"]
[Black "javierfreilemartin"]
[Result "1/2-1/2"]
[WhiteElo "2392"]
[BlackElo "2292"]
[TimeControl "180+1"]
[EndTime "10:04:04 PDT"]
[Termination "Game drawn by repetition"]

1. e4 c5 2. Nf3 e6 3. d3 Nc6 4.
g3 Nge7 5. Bg2 g6 6. O-O Bg7 7. Re1 O-O 8. e5 Qc7 9. Qe2 b6 10. Nbd2 Bb7 11. Nc4 Nf5 12. c3 b5 13. Ne3 Nxe3 14.
Bxe3 Ne7 15. Bg5 Nd5 16. Qd2 f6 17. exf6 Bxf6 18. d4 cxd4 19. Nxd4 Bg7 20. Nxb5 Qb6 21. Nd4 a5 22. Bh6 Bxh6 23. Qxh6 Qxb2 24. Rf1 Rxf2 25.
Rxf2 Qxa1+ 26. Rf1 Qxc3 27. Ne2 Qg7 28. Qd2 Rf8 29. Rxf8+ Kxf8 30. Qxa5 Qa1+ 31. Kf2 Qf6+ 32. Bf3 Ne7 33. Nf4 Bxf3 34. Kxf3 g5 35. Qd8+ Kf7 36.
Qxd7 gxf4 37. gxf4 h5 38. Qd2 Nd5 39. a4 Qf5 40. a5 Qg4+ 41. Ke4 Qf5+ 42. Kf3 Qh3+ 43. Ke4 Qf5+ 44. Kf3 1/2-1/2

[Event "Early-Titled-Tuesday-Blitz-March-12-2024"]
[Site "Chess.com"]
[Date "2024.03.12"]
[Round "11"]
[White "YegoryoCh"]
[Black "IMRosen"]
[Result "0-1"]
[WhiteElo "2520"]
[BlackElo "2701"]
[TimeControl "180+1"]
[EndTime "10:04:05 PDT"]
[Termination "IMRosen won on time"]

1. e4 e5 2. Nf3 Nf6 3. Nxe5 Nc6 4.
Nxc6 dxc6 5. d3 Bc5 6. h3 Bxf2+ 7. Kxf2 Nxe4+ 8. Kf3 O-O 9. Bf4 Qd5 10. Qe1 Nf6+ 11. Kf2 Re8 12. Qb4 c5 13. Qc4 Qc6 14. Nc3 Nh5 15.
Bg5 h6 16. Bh4 g5 17. Be2 Nf4 18. Bf3 Qb6 19. Bg3 Be6 20. Qb5 Qd6 21. Kg1 c6 22. Qa4 b5 23. Qe4 Bd5 24. Qf5 Bxf3 25. gxf3 Re5 26.
Bxf4 gxf4 27. Ne4 Qe7 28. Qxf4 f5 29. Qg3+ Kh8 30. Nf2 Rg8 31. Ng4 fxg4 32. hxg4 Reg5 33. Rxh6+ Kg7 34. Qh4 Rxg4+ 35. Qxg4+ Kf7 36. Rh7+ Kf6 37. Rxe7 Rxg4+ 38. fxg4 Kxe7 39. Re1+ Kf6 40. Kf2 a5 41. Kf3 a4 42. Rh1 b4 0-1

[Event "Early-Titled-Tuesday-Blitz-March-12-2024"]
[Site "Chess.com"]
[Date "2024.03.12"]
[Round "11"]
[White "TanitoluwaAps116"]
[Black "shimastream"]
[Result "0-1"]
[WhiteElo "2829"]
[BlackElo "2968"]
[TimeControl "180+1"]
[EndTime "10:04:09 PDT"]
[Termination "shimastream won by checkmate"]

1. e4 b6 2. d4 Bb7 3. Bd3 e6 4. Nf3 Nf6 5. Qe2 d5 6. e5 Nfd7 7. O-O c5 8. c3 Be7 9. Be3 Nc6 10. Nbd2 g5 11. h3 h5 12. a3 Rg8 13. Nh2 Rh8 14. f4 gxf4 15. Rxf4 Bg5 16. Rf2 Bh4 17. Rf4 Bg5 18.
Rf3 Qe7 19. Raf1 Rf8 20. R3f2 O-O-O 21. Nhf3 Bxe3 22. Qxe3 f6 23. exf6 Rxf6 24. Ng5 Rxf2 25. Rxf2 e5 26. Rf7 Qd6 27. Bf5 exd4 28. cxd4 Nxd4 29.
Bxd7+ Rxd7 30. Qe8+ Rd8 31. Qe3 Nc6 32. Rg7 d4 33.
Qf2 Ne5 34. Nde4 Qd5 35. Qf5+ Kb8 36. Re7 Nc4 37. Qf4+ Ka8 38. Ne6 Rc8 39. Nc7+ Rxc7 40. Qxc7 a5 41. Re8+ Ka7 42. Re7 d3 43. Rg7 d2 44.
Nxd2 Nxd2 45. b4 cxb4 46. axb4 a4 47. b5 a3 48. Qc3 Nc4 49. Rc7 Qxg2# 0-1

[Event "Early-Titled-Tuesday-Blitz-March-12-2024"]
[Site "Chess.com"]
[Date "2024.03.12"]
[Round "11"]
[White "HajiyevKanan"]
[Black "KnightmareJoker"]
[Result "0-1"]
[WhiteElo "2534"]
[BlackElo "2270"]
[TimeControl "180+1"]
[EndTime "10:04:11 PDT"]
[Termination "KnightmareJoker won by checkmate"]

1. d4 d5 2. Nf3 Nf6 3. c4 e6 4.
cxd5 exd5 5. Nc3 Be7 6. Qc2 c6 7. Bf4 O-O 8. e3 Nbd7 9. Bd3 Re8 10. O-O Nf8 11. h3 Ng6 12. Bh2 Bd6 13. Bxd6 Qxd6 14. Rab1 a5 15. a3 Nh5 16. b4 axb4 17. axb4 Qf6 18.
Bxg6 hxg6 19. Ne5 Qg5 20. f4 Qg3 21. Qf2 Qxf2+ 22. Kxf2 Ra3 23. Rfc1 Nf6 24. Kf3 Bf5 25.
Rb2 Rea8 26. b5 Be4+ 27. Kf2 Bf5 28. bxc6 bxc6 29. Kf3 Be4+ 30. Nxe4 dxe4+ 31. Kf2 Nd5 32. Nc4 Rc3 33. Rbc2 Rd3 34. Re2 Nc3 35. Rd2 Nd5 36.
g3 Rxd2+ 37. Nxd2 Ra2 38. Ke2 Ra3 39. Nc4 Ra2+ 40. Kf1 Ra4 41. g4 Rxc4 42. Rxc4 Nxe3+ 43. Ke2 Nxc4 44. f5 gxf5 45. gxf5 Nd6 46. f6 gxf6 47.
Ke3 f5 48. Kf4 Kg7 49. Ke5 e3 50. Kxd6 e2 51. Kxc6 e1=Q 52. d5 Qc3+ 53. Kd7 f4 54.
d6 Qd4 55. h4 f3 56. h5 f2 57. h6+ Kxh6 58. Ke8 Qxd6 59. Kxf7 f1=Q+ 60. Kg8 Qff8# 0-1

[Event "Early-Titled-Tuesday-Blitz-March-12-2024"]
[Site "Chess.com"]
[Date "2024.03.12"]
[Round "11"]
[White "AsaHoffmann"]
[Black "djano"]
[Result "1-0"]
[WhiteElo "2406"]
[BlackElo "2574"]
[TimeControl "180+1"]
[EndTime "10:04:15 PDT"]
[Termination "AsaHoffmann won by resignation"]

1. d4 c5 2. dxc5 e5 3. Nc3 Bxc5 4. Ne4 Qb6 5. Nxc5 Qxc5 6. c3 Nf6 7. Be3 Qc6 8. Nf3 d6 9. g3 Bf5 10. Bg2 Be4 11.
O-O O-O 12. Qd2 Na6 13. Rfd1 Rfd8 14. b4 Rac8 15. Rac1 Qa4 16. Qb2 h6 17. Bxa7 Nd5 18. a3 Rxc3 19. Rxd5 Rxc1+ 20. Qxc1 Bxd5 21. Bb6 Re8 22. Qd2 Qb3 23. h4 Bc6 24. Qc1 Qa2 25. Qe3 Qd5 26.
h5 e4 27. Nd4 Qxh5 28. g4 Qe5 29. Nf5 Nb8 30. Bd4 Qd5 31. Bxg7 Re6 32. Bxh6 Nd7 33. Qg5+ Rg6 34. Ne7+ Kh7 35. Qxg6+ fxg6 36. Nxd5 Bxd5 37. Bf4 Nf6 38. f3 exf3 39. Bxf3 Bxf3 40. exf3 d5 41. Kf2 Kg8 42. Be5 Nd7 43. Bd4 Kf7 44. a4 Ke6 45.
a5 Nb8 46. b5 Kd6 47. Ke3 Nd7 48. a6 bxa6 49. bxa6 Kc6 50. Kf4 Nf8 51. Ke5 Nh7 52. f4 Nf8 53. Kf6 Kc7 54. a7 Kb7 55. Kf7 Nd7 56.
Kxg6 Nf8+ 57. Kf7 Nd7 58. f5 Ka8 59. g5 Kb7 60. g6 Nb6 61. Bxb6 d4 62. Bxd4 1-0

[Event "Early-Titled-Tuesday-Blitz-March-12-2024"]
[Site "Chess.com"]
[Date "2024.03.12"]
[Round "11"]
[White "littlepinkyboy"]
[Black "Triumphmate"]
[Result "1-0"]
[WhiteElo "2618"]
[BlackElo "2517"]
[TimeControl "180+1"]
[EndTime "10:04:15 PDT"]
[Termination "littlepinkyboy won by checkmate"]

1. e4 d5 2. exd5 Nf6 3. d4 Bg4 4. Nf3 Qxd5 5. Be2 Nc6 6. h3 Bh5 7. Nc3 Qd7 8. d5 Nb4 9. Ne5 Bxe2 10. Qxe2 Qf5 11. Qb5+ c6 12. Qxb4 Qxe5+ 13. Be3 cxd5 14. Qxb7 Rb8 15. Qc6+ Nd7 16. Nxd5 e6 17. Nc7+ Kd8 18. Na6 Qa5+ 19. Bd2 Qe5+ 20. Be3 Rc8 21. Qb7 Qd5 22. Qxd5 exd5 23. O-O-O Rc6 24. Rxd5 Rxa6 25. Rhd1 Ke8 26. Rxd7 Be7 27. Rb7 f6 28. Rb8+ Kf7 29. Rxh8 Rxa2 30. Rd7 Ke6 31. Rxa7 Rxa7 32. Bxa7 f5 33. Rxh7 Kf7 34.
Be3 Kg8 35. Rh5 g6 36. Rg5 Kg7 37. h4 Kh6 38. Rxf5+ Kg7 39. Rd5 Bxh4 40. b4 Bxf2 41. Bd4+ Bxd4 42. Rxd4 Kf6 43. b5 Ke5 44. c3 Kf5 45. b6 Kg5 46. b7 Kh6 47. b8=Q Kh5 48. Qh2+ Kg5 49. Qe5+ Kh6 50. Rh4# 1-0

[Event "Early-Titled-Tuesday-Blitz-March-12-2024"]
[Site "Chess.com"]
[Date "2024.03.12"]
[Round "11"]
[White "Boundless_Strike"]
[Black "SharapovEvgeny"]
[Result "1-0"]
[WhiteElo "2602"]
[BlackElo "2512"]
[TimeControl "180+1"]
[EndTime "10:04:16 PDT"]
[Termination "Boundless_Strike won by resignation"]

1. d4 d5 2. e4 dxe4 3. Nc3 Nf6 4.
f3 exf3 5. Nxf3 e6 6. Bd3 Be7 7. O-O O-O 8. Qe1 Nbd7 9. Qh4 Re8 10. Bg5 Nf8 11. Ne5 Ng6 12. Bxg6 hxg6 13. Rf3 Bd7 14.
Ne4 Bc6 15. Nxf6+ Bxf6 16. Rxf6 Qd5 17. Nxc6 bxc6 18. Rf2 Rab8 19. b3 c5 20. Be3 cxd4 21. Qxd4 Qc6 22. c4 Rbd8 23. Qxa7 Rd3 24. Qc5 Qe4 25.
Re1 Red8 26. Bd2 Qg4 27. Ree2 Qh4 28. Qe5 R8d4 29. h3 Rxh3 30. gxh3 Qxh3 31. Rh2 Qd3 32. Qe3 Rg4+ 33. Rhg2 Qf5 34. Rxg4 Qxg4+ 35. Rg2 Qd1+ 36. Kf2 e5 37. a4 e4 38. Rg1 Qc2 39. Rc1 Qb2 40.
a5 g5 41. Qc3 Qa3 42. b4 Qa4 43. Ra1 Qd7 44. a6 Qf5+ 45. Ke2 Qg4+ 46. Ke3 Qf3+ 47. Kd4 Qf6+ 48. Kxe4 Qe6+ 49. Kd4 Qf6+ 50. Kd3 Qf5+ 51. Ke3 Qf4+ 52. Ke2 Qe4+ 53. Kd1 Qh1+ 54. Kc2 Qe4+ 55. Kb2 1-0

[Event "Early-Titled-Tuesday-Blitz-March-12-2024"]
[Site "Chess.com"]
[Date "2024.03.12"]
[Round "11"]
[White "SaiAgni_98"]
[Black "Al_Shima"]
[Result "0-1"]
[WhiteElo "2531"]
[BlackElo "2452"]
[TimeControl "180+1"]
[EndTime "10:04:18 PDT"]
[Termination "Al_Shima won by resignation"]

1. e4 c6 2. Nf3 d5 3. exd5 cxd5 4. Ne5 Nc6 5. Nxc6 bxc6 6. d4 Bf5 7. c3 e6 8. Qa4 Qc8 9. Ba6 Qd7 10. Bf4 Nf6 11. Nd2 Ne4 12. Nxe4 Bxe4 13. O-O Be7 14. Rfe1 O-O 15.
Re2 Rad8 16. Rae1 Bd6 17. Bxd6 Qxd6 18. f3 Bg6 19. Bb7 Bd3 20. Re3 Bb5 21. Qxa7 Qc7 22. a4 Ra8 23. Qc5 Rxa4 24. b3 Ra2 25. c4 Qxb7 26.
cxb5 cxb5 27. Rc3 h6 28. Rec1 Rfa8 29. Qc7 Qxc7 30. Rxc7 Rb2 31. Rc8+ Rxc8 32. Rxc8+ Kh7 33. Rc3 Rd2 34. Rc5 b4 35. Rc7 Kg6 36. Rb7 Rxd4 37.
Kf2 f6 38. Ke3 e5 39. g4 Rf4 40. h4 d4+ 41. Ke2 e4 42. h5+ Kh7 43. Rxg7+ Kxg7 44. fxe4 Rxe4+ 45. Kd3 Rxg4 0-1